 Dungeon Crawl Stone Soup version 0.25-a0-265-g7af84ae0ac (webtiles) character file.

Game seed: 317510771586179160, levelgen mode: classic

597 Borgoz the Chopper (level 7, -8/62 HPs)
             Began as a Hill Orc Monk on Dec 7, 2019.
             Mangled by an ogre
             ... wielding a +0 giant club
              (20 damage)
             ... on level 6 of the Dungeon.
             The game lasted 00:05:04 (5176 turns).

Borgoz the Chopper (Hill Orc Monk)                  Turns: 5176, Time: 00:05:05

Health: -8/62      AC:  7    Str: 18    XL:     7   Next: 40%
Magic:  7/7        EV: 12    Int: 10    God:
Gold:   196        SH:  3    Dex: 13    Spells: 6/6 levels left

rFire    . . .     SeeInvis .   a - +0 hand axe
rCold    . . .     Gourm    .   p - +0 buckler
rNeg     . . .     Faith    .   d - +0 ring mail
rPois    +         Spirit   .   (no helmet)
rElec    .         Reflect  .   f - +0 cloak
rCorr    .         Harm     .   (no gloves)
MR       .....                  (no boots)
Stlth    +.........             (no amulet)
HPRegen  0.20/turn              g - +2 ring of strength
MPRegen  0.10/turn              q - ring of poison resistance

@: no status effects
A: no striking features
a: Convert to Beogh


You were on level 6 of the Dungeon.
You were very hungry.

You visited 1 branch of the dungeon, and saw 6 of its levels.

You collected 196 gold pieces.

Inventory:

Hand Weapons
 a - a +0 hand axe (weapon)
Armour
 d - a +0 ring mail (worn)
 f - a +0 cloak (worn)
 p - a +0 buckler (worn)
Jewellery
 g - a +2 ring of strength (left hand)
 q - a ring of poison resistance (right hand)
Scrolls
 b - a scroll of random uselessness {unknown}
 i - 2 scrolls of fog {unknown}
 k - 2 scrolls of teleportation
 l - 2 scrolls of enchant weapon {unknown}
 n - 2 scrolls of remove curse {unknown}
 o - a scroll of identify {unknown}
 t - a scroll of fear {unknown}
Potions
 h - a potion of cancellation {unknown}
 j - a potion of brilliance {unknown}
 m - a potion of flight {unknown}
 r - a potion of ambrosia {unknown}
 s - a potion of haste {unknown}
Comestibles
 c - 8 rations


   Skills:
 + Level 5.9 Fighting
 + Level 6.3 Axes
 + Level 3.9 Armour
 + Level 4.0 Dodging
 - Level 1.5 Stealth


You had 6 spell levels left.
You didn't know any spells.
Your spell library was empty.

Dungeon Overview and Level Annotations

Branches:
Dungeon (6/15)
 Temple: D:4-7

Altars:
Ashenzari
Kikubaaqudgha
Trog
Uskayaw
Vehumet
Wu Jian
Zin
The Shining One

Annotations:
D:5 1 runed translucent door, Crazy Yiuf, Edmund


Message History

You hit the orc priest.
The orc priest is almost dead.
The orc priest hits you but does no damage.
The orc throws a boomerang.
The boomerang hits you.
* * * LOW HITPOINT WARNING * * *
The weapon returns to the orc!
The orc warrior throws a boomerang.
The boomerang closely misses you.
The weapon returns to the orc warrior!
You feel better. The bullfrog hits you.
* * * LOW HITPOINT WARNING * * *
The orc priest invokes the aid of Beogh against you.
Beogh smites you!
* * * LOW HITPOINT WARNING * * *
Something completely misses you.
The bullfrog hits you but does no damage.
You feel better. The bullfrog hits you.
* * * LOW HITPOINT WARNING * * *
The orc priest begins to cast a cantrip, but forgets the words!
The orc hits you but does no damage. Something hits you but does no damage.
The ogre hits you with a +0 giant club!!
You die...

...#.#. .......
######.....#
##..##.......
#....#.....#
#>...oo.#
#.....o.#
##(...@o.#
#<...F.O.#
#.............
#...............
#................
##...............
......##.....#...
.....##...#..##..
......# ##


You could see an orc warrior, an ogre, a bullfrog, 2 orc priests and an orc.

Vanquished Creatures
  An ogre (D:3)
  2 scorpions (D:5)
  A crimson imp (D:5)
  A hound (D:4)
  2 orc wizards (D:4)
  Terence (D:3)
  3 iguanas
  2 worker ants (D:5)
  A killer bee zombie (D:5)
  A howler monkey skeleton (D:3)
  5 adders
  2 adder skeletons
  2 worms
  2 dart slugs
  3 leopard geckos
  3 orcs
  2 ball pythons
  2 giant cockroaches
  6 hobgoblins
  2 jackals (D:5)
  A quokka (D:2)
  4 bats
  6 frilled lizards
  A goblin (D:2)
  11 rats
67 creatures vanquished.

Notes
Turn   | Place    | Note
-------+----------+-------------------------------------------
     0 | D:1      | Borgoz the Hill Orc Monk began the quest for the Orb.
     0 | D:1      | Reached XP level 1. HP: 19/19 MP: 1/1
    66 | D:1      | Found a shattered altar of Ashenzari.
   177 | D:1      | Reached XP level 2. HP: 27/27 MP: 2/2
   468 | D:2      | Reached skill level 1 in Armour
   529 | D:2      | Reached XP level 3. HP: 28/33 MP: 3/3
   707 | D:2      | Found an ornate altar of the Wu Jian Council.
   909 | D:2      | Found a hide-covered altar of Uskayaw.
  1289 | D:3      | Reached XP level 4. HP: 35/41 MP: 4/4
  1352 | D:3      | Found a glowing golden altar of the Shining One.
  1581 | D:3      | Noticed Terence
  1604 | D:3      | Killed Terence
  1604 | D:3      | Reached skill level 5 in Axes
  1604 | D:3      | Reached XP level 5. HP: 46/47 MP: 5/5
  1634 | D:3      | Found a faded altar of an unknown god.
  1634 | D:3      | Found a faded altar of an unknown god.
  1639 | D:3      | Found a radiant altar of Vehumet.
  1641 | D:3      | Found a bloodstained altar of Trog.
  1643 | D:3      | Found an ancient bone altar of Kikubaaqudgha.
  1721 | D:3      | Noticed an ogre
  1732 | D:3      | HP: 2/47 [ogre/+0 giant club (27)]
  1735 | D:3      | Killed an ogre
  2094 | D:3      | Reached skill level 5 in Fighting
  2094 | D:3      | Reached XP level 6. HP: 39/56 MP: 6/6
  3269 | D:4      | Found a glowing silver altar of Zin.
  3367 | D:5      | Entered Level 5 of the Dungeon
  3532 | D:5      | Reached skill level 6 in Axes
  3532 | D:5      | Reached XP level 7. HP: 56/61 MP: 7/7
  3808 | D:5      | Noticed Edmund
  4347 | D:5      | Found a runed translucent door.
  4348 | D:5      | Noticed Crazy Yiuf
  5176 | D:6      | Mangled by an ogre

Levels and vault maps discovered:
D:1:      scummos_arrival_hexagon, layout_rooms, ashenzari_altar_1
D:2:      layout_loops_cross, lemuel_crystal_altar,
          eat_drink_and_be_merry_uskayaw, minmay_door_square,
          chequers_mini_garden
D:3:      layout_loops_ring, lemuel_doored_altar,
          chequers_temple_overflow_minitemple, uniq_terence
D:4:      layout_loops_ring, nicolae_overflow_hidden_temple, first_ration
D:5:      layout_basic, uniq_edmund, uniq_crazy_yiuf_cottage
D:6:      minmay_evil_eye, layout_cave_pools, portal_sewer_entry_e,
          skrybe_limestone_x

Skill      XL: |  1  2  3  4  5  6  7 |
---------------+----------------------+-----
Armour         | 1 2 3 |  3.9
Fighting       | 4 5 |  5.9
Dodging        | 3 4 |  4.0
Axes           | 5 6 |  6.3
Stealth        | |  1.5

Action                   |  1- 3 |  4- 6 |  7- 9 || total
-------------------------+-------+-------+-------++-------
Melee: Hand axe          |   103 |   208 |    93 ||   404
  Use: Scroll            |     1 |       |     1 ||     2
       Potion            |       |     3 |     3 ||     6
 Stab: Sleeping          |     1 |     1 |       ||     2
  Eat: Chunk             |     1 |     7 |     1 ||     9
       Ration            |       |       |     1 ||     1
Armor: Ring mail         |    34 |    45 |    22 ||   101
       Robe              |     1 |       |       ||     1
Dodge: Dodged            |    61 |   115 |    38 ||   214
Block: Buckler           |       |    32 |     9 ||    41

Table legend:
 A = Non-vault XP
 B = Vault XP
 C = Vault XP percentage of total XP
 D = Non-vault monster count
 E = Vault monster count
 F = Vault count percentage of total count
                 A         B        C        D         E       F
            +---------+---------+-------+---------+---------+-------
      Total |     818 |      36 |   4.2 |      66 |       1 |   1.5
            +---------+---------+-------+---------+---------+-------
        D:1 |      15 |       0 |   0.0 |      11 |       0 |   0.0
        D:2 |      61 |       0 |   0.0 |      16 |       0 |   0.0
        D:3 |     209 |      36 |  14.7 |      14 |       1 |   6.7
        D:4 |     230 |       0 |   0.0 |      14 |       0 |   0.0
        D:5 |     303 |       0 |   0.0 |      11 |       0 |   0.0
            +---------+---------+-------+---------+---------+-------
